SNL (28 & UNDER)
WEST VIRGINIA POWER @ SANTA FE DIABLOS
07/27/2026
 
TOP OF THE 1ST
West Virginia Power batting - Pitching for Santa Fe Diablos : RHP Marcos Miranda
Pitching: RHP Marcos Miranda
Batting: RHB Lance Wolf 0-0: Called Strike
0-1: Fly out, F7 (Line Drive, 7M)
Batting: RHB Dave McGrath 0-0: Ball
1-0: Called Strike
1-1: Called Strike
1-2: Ball
2-2: Foul Ball, location: 2F
2-2: Ball
3-2: Strikes out looking
Batting: RHB Roberto Tobías 0-0: Ball
1-0: Ball
2-0: Swinging Strike
2-1: Ball
3-1: Base on Balls
Batting: RHB Ben Dougherty 0-0: Ball
1-0: Foul Ball, location: 2F
1-1: Foul Ball, location: 2F
1-2: Ball
2-2: Strikes out swinging
Top of the 1st over - 0 run(s), 0 hit(s), 0 error(s), 1 left on base; West Virginia 0 - Santa Fe 0
BOTTOM OF THE 1ST
Santa Fe Diablos batting - Pitching for West Virginia Power : RHP Brad Flores
Pitching: RHP Brad Flores
Batting: LHB Roberto Lozano 0-0: Ball
1-0: Ball
2-0: Ball
3-0: Base on Balls
Batting: LHB John Nicholson 0-0: Ball
1-0: Fielders Choice at 2nd, 4-6 (Groundball, 4)
Batting: RHB Henning Huisman 0-0: Foul Ball, location: 2F
0-1: Swinging Strike
0-2: SINGLE (Groundball, 6MD)
John Nicholson to second
Runner from 2nd tries for 3rd, SAFE, throw made to third
Batting: RHB Claudio Souza 0-0: Called Strike
0-1: Ball
1-1: Ball
2-1: Ball
3-1: Foul Ball, location: 2F
3-2: Strikes out swinging
Batting: SHB George Adams 0-0: Ball
1-0: Foul Ball, location: 2F
1-1: Ball
2-1: Swinging Strike
2-2: Ground out 3-1 (Groundball, 34)
Bottom of the 1st over - 0 run(s), 1 hit(s), 0 error(s), 2 left on base; West Virginia 0 - Santa Fe 0
TOP OF THE 2ND
West Virginia Power batting - Pitching for Santa Fe Diablos : RHP Marcos Miranda
Batting: RHB Will Lott 0-0: Foul Ball, location: 2F
0-1: Ball
1-1: Foul Ball, location: 2F
1-2: Ground out 5-3 (Groundball, 5L)
Batting: LHB Héctor Soto 0-0: Ball
1-0: Ball
2-0: Ball
3-0: Called Strike
3-1: Foul Ball, location: 2F
3-2: SINGLE (Line Drive, 78M)
Batting: RHB Brett Bell 0-0: Ball
1-0: Ball
2-0: Called Strike
2-1: Ball
3-1: Base on Balls
Héctor Soto to second
Batting: LHB Lúcio Anaya 0-0: Foul Ball, location: 2F
0-1: Swinging Strike
0-2: Ball
1-2: Strikes out looking
Batting: RHB Jesse Moore 0-0: Called Strike
0-1: Ball
1-1: Ball
2-1: Swinging Strike
2-2: Foul Ball, location: 2F
2-2: Ball
Wild Pitch!
Héctor Soto to third
Brett Bell to second
3-2: Strikes out looking
Top of the 2nd over - 0 run(s), 1 hit(s), 0 error(s), 2 left on base; West Virginia 0 - Santa Fe 0
BOTTOM OF THE 2ND
Santa Fe Diablos batting - Pitching for West Virginia Power : RHP Brad Flores
Batting: LHB Don Soper 0-0: Ball
1-0: Ground out 4-3 (Groundball, 34)
Batting: RHB John Dinkins 0-0: Called Strike
0-1: Ball
1-1: DOUBLE (Line Drive, 8RM)
Batting: LHB Juan Torres 0-0: Ball
1-0: SINGLE (Groundball, 56D)
John Dinkins to third
Runner from 3rd tries for Home, SAFE, no throw or cutoff
Batting: LHB Javier Martínez 0-0: Ball
1-0: Ball
2-0: Swinging Strike
2-1: Called Strike
Pickoff Throw by Catcher to First - Out!
2-2: Strikes out swinging
Bottom of the 2nd over - 1 run(s), 2 hit(s), 0 error(s), 0 left on base; West Virginia 0 - Santa Fe 1
TOP OF THE 3RD
West Virginia Power batting - Pitching for Santa Fe Diablos : RHP Marcos Miranda
Batting: RHB Lance Wolf 0-0: Called Strike
0-1: Foul Ball, location: 2F
0-2: Foul Ball, location: 2F
0-2: Strikes out swinging
Batting: RHB Dave McGrath 0-0: Ball
1-0: Ball
2-0: Ball
3-0: Called Strike
3-1: Called Strike
3-2: Foul Ball, location: 2F
3-2: Foul Ball, location: 2F
3-2: Ground out 1-3 (Groundball, 13)
Batting: RHB Roberto Tobías 0-0: Called Strike
0-1: Ball
1-1: Ball
2-1: Foul Ball, location: 2F
2-2: Ball
3-2: Strikes out looking
Top of the 3rd over - 0 run(s), 0 hit(s), 0 error(s), 0 left on base; West Virginia 0 - Santa Fe 1
BOTTOM OF THE 3RD
Santa Fe Diablos batting - Pitching for West Virginia Power : RHP Brad Flores
Batting: LHB Roberto Lozano 0-0: SOLO HOME RUN (Line Drive, 78XD), Distance : 411 ft
Batting: LHB John Nicholson 0-0: Foul Ball, location: 2F
0-1: SINGLE (Groundball, 4MD)
Batting: RHB Henning Huisman 0-0: Ball
1-0: Fielders Choice at 2nd, 6-4 (Groundball, 6M)
Batting: RHB Claudio Souza 0-0: Ball
1-0: Called Strike
1-1: Swinging Strike
1-2: Ball
Throwing error on steal attempt, E2
Henning Huisman to third
2-2: Ball
3-2: Ground out 1-3 (Groundball, 23)
Batting: SHB George Adams 0-0: Called Strike
0-1: Called Strike
0-2: Foul Ball, location: 2F
0-2: Strikes out swinging
Bottom of the 3rd over - 1 run(s), 2 hit(s), 1 error(s), 1 left on base; West Virginia 0 - Santa Fe 2
TOP OF THE 4TH
West Virginia Power batting - Pitching for Santa Fe Diablos : RHP Marcos Miranda
Batting: RHB Ben Dougherty 0-0: Hit by Pitch
Batting: RHB Will Lott 0-0: Called Strike
0-1: Called Strike
0-2: Foul Ball, location: 2F
0-2: Strikes out swinging
Batting: LHB Héctor Soto 0-0: Ball
1-0: Swinging Strike
1-1: Swinging Strike
1-2: Strikes out swinging
Batting: RHB Brett Bell 0-0: Ball
1-0: Ball
2-0: Called Strike
2-1: Swinging Strike
2-2: Foul Ball, location: 2F
2-2: SINGLE (Line Drive, 34D)
Ben Dougherty to second
Batting: LHB Lúcio Anaya 0-0: Called Strike
0-1: Ball
1-1: Called Strike
1-2: SINGLE (Flyball, 8RS)
Ben Dougherty to third
Brett Bell to second
Runner from 3rd tries for Home, SAFE, throw made at trailing runner, OUT at third!
Top of the 4th over - 1 run(s), 2 hit(s), 0 error(s), 1 left on base; West Virginia 1 - Santa Fe 2
BOTTOM OF THE 4TH
Santa Fe Diablos batting - Pitching for West Virginia Power : RHP Brad Flores
Batting: LHB Don Soper 0-0: SINGLE (Line Drive, 34)
Batting: RHB John Dinkins 0-0: Called Strike
0-1: Swinging Strike
0-2: Strikes out swinging
Batting: LHB Juan Torres Pickoff Throw to First - Error! E1
Don Soper to second
0-0: Ground out 1-3 (Groundball, 13S)
Don Soper to third
Batting: LHB Javier Martínez 0-0: Ball
1-0: SINGLE (Groundball, 34)
Don Soper scores
Batting: LHB Roberto Lozano 0-0: Called Strike
0-1: Fly out, F8 (Flyball, 8LXD)
Bottom of the 4th over - 1 run(s), 2 hit(s), 1 error(s), 1 left on base; West Virginia 1 - Santa Fe 3
TOP OF THE 5TH
West Virginia Power batting - Pitching for Santa Fe Diablos : RHP Marcos Miranda
Batting: RHB Jesse Moore 0-0: Ball
1-0: Swinging Strike
1-1: Foul Ball, location: 2F
1-2: Ball
2-2: Ball
3-2: Strikes out looking
Batting: RHB Lance Wolf 0-0: Swinging Strike
0-1: Ball
1-1: Ball
2-1: SOLO HOME RUN (Flyball, 7D), Distance : 350 ft
Batting: RHB Dave McGrath 0-0: Ball
1-0: Ball
2-0: Swinging Strike
2-1: Ball
3-1: Called Strike
3-2: SINGLE (Groundball, 5D)
Pitching: LHP Daniel Draper
Batting: RHB Roberto Tobías 0-0: Ball
1-0: Ball
2-0: Ball
3-0: Base on Balls
Dave McGrath to second
Batting: RHB Ben Dougherty 0-0: Ball
1-0: Ball
2-0: Called Strike
2-1: Foul Ball, location: 2F
2-2: Strikes out swinging
Batting: RHB Will Lott 0-0: Foul Ball, location: 2F
0-1: Swinging Strike
0-2: SINGLE (Groundball, 56)
Dave McGrath to third
Roberto Tobías to second
Runner from 3rd tries for Home, SAFE, no throw or cutoff
Batting: LHB Héctor Soto 0-0: Ball
1-0: Ball
2-0: Ground out 5-3 (Groundball, 15S)
Top of the 5th over - 2 run(s), 3 hit(s), 0 error(s), 2 left on base; West Virginia 3 - Santa Fe 3
BOTTOM OF THE 5TH
Santa Fe Diablos batting - Pitching for West Virginia Power : RHP Brad Flores
Batting: LHB John Nicholson 0-0: SINGLE (Line Drive, 9LM)
Batting: RHB Henning Huisman 0-0: Fielders Choice at 2nd, 6-4 (Groundball, 6)
Batting: RHB Claudio Souza 0-0: Called Strike
0-1: Foul Ball, location: 2F
0-2: Foul Ball, location: 2F
0-2: Fly out, F8 (Flyball, 8LS)
Batting: SHB George Adams 0-0: Ball
1-0: Called Strike
1-1: Ball
Henning Huisman steals 2nd base
2-1: Foul Ball, location: 2F
2-2: Foul Ball, location: 2F
2-2: Ground out 6-3 (Groundball, 6)
Bottom of the 5th over - 0 run(s), 1 hit(s), 0 error(s), 1 left on base; West Virginia 3 - Santa Fe 3
TOP OF THE 6TH
West Virginia Power batting - Pitching for Santa Fe Diablos : LHP Daniel Draper
Batting: RHB Brett Bell 0-0: Ball
1-0: Called Strike
1-1: Foul Ball, location: 2F
1-2: Foul Ball, location: 2F
1-2: Strikes out swinging
Batting: LHB Lúcio Anaya 0-0: Called Strike
0-1: Called Strike
0-2: Fly out, F7 (Flyball, 78M)
Batting: RHB Jesse Moore 0-0: Called Strike
0-1: Called Strike
0-2: SINGLE (Line Drive, 56D)
Batting: RHB Lance Wolf 0-0: Called Strike
Jesse Moore steals 2nd base
0-1: Called Strike
0-2: SINGLE (Line Drive, 78S)
Jesse Moore to third
Runner from 3rd tries for Home, SAFE, no throw or cutoff
Batting: RHB Dave McGrath 0-0: Ball
1-0: Ball
2-0: DOUBLE (Line Drive, 89M)
Lance Wolf to third
Runner from 3rd tries for Home, throw and OUT!
Top of the 6th over - 1 run(s), 3 hit(s), 0 error(s), 1 left on base; West Virginia 4 - Santa Fe 3
BOTTOM OF THE 6TH
Santa Fe Diablos batting - Pitching for West Virginia Power : RHP Brad Flores
Batting: LHB Don Soper 0-0: Fly out, F8 (Flyball, 8LXD)
Batting: RHB John Dinkins 0-0: Ball
1-0: Ball
2-0: Ball
3-0: Base on Balls
Batting: LHB Juan Torres 0-0: Fly out, F9 (Flyball, 9D)
Batting: LHB Javier Martínez Pickoff Throw to First - Error! E1
John Dinkins to second
0-0: Ball
1-0: Foul Ball, location: 2F
1-1: Swinging Strike
1-2: Ball
2-2: Foul Ball, location: 2F
2-2: Ball
3-2: Base on Balls
Batting: LHB Roberto Lozano 0-0: Called Strike
0-1: Ball
1-1: Called Strike
1-2: Ball
2-2: Fly out, F9 (Flyball, 89M)
Bottom of the 6th over - 0 run(s), 0 hit(s), 1 error(s), 2 left on base; West Virginia 4 - Santa Fe 3
TOP OF THE 7TH
West Virginia Power batting - Pitching for Santa Fe Diablos : LHP Daniel Draper
Batting: RHB Roberto Tobías 0-0: Swinging Strike
0-1: Fly out, F7 (Line Drive, 78S)
Pitching: RHP Ramiro Trujillo
Batting: RHB Ben Dougherty 0-0: Called Strike
0-1: Ball
1-1: SINGLE (Groundball, 5D)
Batting: RHB Will Lott 0-0: Ball
Ben Dougherty steals 2nd base
1-0: Swinging Strike
1-1: Foul Ball, location: 2F
1-2: Strikes out swinging
Batting: LHB Héctor Soto 0-0: Called Strike
0-1: Foul Ball, location: 2F
0-2: Strikes out swinging
Top of the 7th over - 0 run(s), 1 hit(s), 0 error(s), 1 left on base; West Virginia 4 - Santa Fe 3
BOTTOM OF THE 7TH
Santa Fe Diablos batting - Pitching for West Virginia Power : RHP Brad Flores
Batting: LHB John Nicholson 0-0: Fly out, F8 (Flyball, 8LM)
Batting: RHB Henning Huisman 0-0: Ball
1-0: Ball
2-0: Ball
3-0: Called Strike
3-1: Base on Balls
Batting: RHB Claudio Souza 0-0: Foul Ball, location: 2F
0-1: Called Strike
0-2: Foul Ball, location: 2F
0-2: Foul Ball, location: 2F
0-2: Foul Ball, location: 2F
0-2: Ball
Henning Huisman steals 2nd base
1-2: SINGLE (Line Drive, 56D)
Henning Huisman to third
Pitching: LHP Roberto Aguilar
Pinch Hitting: RHB Lee Price Pickoff Throw to First - Error! E1
Henning Huisman scores
Claudio Souza to second
0-0: Intentional Walk
Pinch Hitting: RHB José Alvarado 0-0: Called Strike
0-1: Swinging Strike
0-2: Strikes out swinging
Batting: RHB John Dinkins 0-0: Called Strike
0-1: Ball
1-1: Swinging Strike
1-2: Ball
2-2: DOUBLE (Line Drive, 9LD)
Claudio Souza scores
Lee Price to third
Pinch Hitting: RHB Mike Martin 0-0: Ball
1-0: Called Strike
1-1: Called Strike
1-2: Foul Ball, location: 2F
1-2: Ball
2-2: Ball
3-2: Base on Balls
Batting: LHB Javier Martínez 0-0: Ball
1-0: SINGLE (Line Drive, 34D)
Lee Price scores
John Dinkins to third
Mike Martin to second
Runner from 3rd tries for Home, SAFE, no throw or cutoff
Batting: LHB Roberto Lozano 0-0: Ball
1-0: Called Strike
1-1: Fly out, F8 (Flyball, 8LM)
Bottom of the 7th over - 4 run(s), 3 hit(s), 1 error(s), 2 left on base; West Virginia 4 - Santa Fe 7
TOP OF THE 8TH
West Virginia Power batting - Pitching for Santa Fe Diablos : RHP Ramiro Trujillo
Now at 1B: David Hernández
Now at 2B: José Alvarado
Now at 3B: Mike Martin
Batting: RHB Brett Bell 0-0: Foul Ball, location: 2F
0-1: Called Strike
0-2: Ball
1-2: Foul Ball, location: 2F
1-2: Ball
2-2: Ball
3-2: Base on Balls
Pitching: RHP David Sheppard
Batting: LHB Lúcio Anaya 0-0: Fly out, F8 (Flyball, 89M)
Batting: RHB Jesse Moore 0-0: Ball
1-0: Foul Ball, location: 2F
1-1: Ball
2-1: Ball
3-1: SINGLE (Flyball, 9M)
Brett Bell to second
Runner from 2nd tries for 3rd, SAFE, throw made to third
Batting: RHB Lance Wolf 0-0: Ball
1-0: Fly out, F8 (Flyball, 78XD)
Runner from 3rd tags up, SCORES, no throw
Batting: RHB Dave McGrath 0-0: Ball
1-0: Called Strike
1-1: Foul Ball, location: 2F
1-2: Foul Ball, location: 2F
1-2: Foul Ball, location: 2F
1-2: Fly out, F8 (Flyball, 89D)
Top of the 8th over - 1 run(s), 1 hit(s), 0 error(s), 1 left on base; West Virginia 5 - Santa Fe 7
BOTTOM OF THE 8TH
Santa Fe Diablos batting - Pitching for West Virginia Power : LHP Roberto Aguilar
Batting: LHB John Nicholson 0-0: Ball
1-0: Foul Ball, location: 2F
1-1: Fly out, F9 (Flyball, 89S)
Batting: RHB Henning Huisman 0-0: Ball
1-0: Ball
2-0: Ball
3-0: Base on Balls
Batting: RHB Claudio Souza 0-0: Called Strike
0-1: Ball
1-1: Called Strike
1-2: Ball
2-2: DOUBLE (Line Drive, 3D)
Henning Huisman to third
Pinch Hitting: SHB Scott Compton 0-0: Swinging Strike
0-1: Called Strike
0-2: Ball
1-2: Foul Ball, location: 2F
1-2: Ball
2-2: Strikes out looking
Batting: RHB José Alvarado 0-0: Ball
1-0: Ball
2-0: Swinging Strike
2-1: Ball
3-1: Swinging Strike
3-2: Strikes out swinging
Bottom of the 8th over - 0 run(s), 1 hit(s), 0 error(s), 2 left on base; West Virginia 5 - Santa Fe 7
TOP OF THE 9TH
West Virginia Power batting - Pitching for Santa Fe Diablos : RHP David Sheppard
Pitching: RHP Tomás Rodríguez
Now at 1B: Scott Compton
Batting: RHB Roberto Tobías 0-0: Ball
1-0: Called Strike
1-1: Ground out 6-3 (Groundball, 6M)
Batting: RHB Ben Dougherty 0-0: DOUBLE (Line Drive, 8RS)
Batting: RHB Will Lott 0-0: Ball
1-0: Foul Ball, location: 2F
1-1: Called Strike
1-2: Ground out 6-3 (Groundball, 6S)
Ben Dougherty to third
Batting: LHB Héctor Soto 0-0: Called Strike
0-1: Foul Ball, location: 2F
0-2: Ball
1-2: SINGLE (Flyball, 89S)
Ben Dougherty scores
Pinch Runner at 1st Júlio Martínez:
Pinch Hitting: SHB Waylon Adams 0-0: Ball
1-0: Called Strike
1-1: Called Strike
1-2: DOUBLE (Groundball, 5L)
Júlio Martínez to third
Runner from 3rd tries for Home, SAFE, no throw or cutoff
Batting: LHB Lúcio Anaya 0-0: Foul Ball, location: 2F
0-1: Called Strike
0-2: Strikes out swinging
Top of the 9th over - 2 run(s), 3 hit(s), 0 error(s), 1 left on base; West Virginia 7 - Santa Fe 7
BOTTOM OF THE 9TH
Santa Fe Diablos batting - Pitching for West Virginia Power : LHP Roberto Aguilar
Now at C: Len Burke
Now in RF: Júlio Martínez
Batting: RHB John Dinkins 0-0: Ball
1-0: Ball
2-0: Ball
3-0: Called Strike
3-1: Base on Balls
Batting: RHB Mike Martin 0-0: Sac Bunt - play at first, batter OUT! 1-3
John Dinkins to second
Batting: LHB Javier Martínez 0-0: Foul Ball, location: 2F
0-1: Ball
1-1: Swinging Strike
1-2: Hit by Pitch
Batting: LHB Roberto Lozano 0-0: Called Strike
0-1: SINGLE (Line Drive, 9LS)
John Dinkins to third
Javier Martínez to second
Runner from 3rd tries for Home, SAFE, throw made at trailing runner, OUT at third!
Monday, December 5th, 2016 - OOTP Baseball 17.12 Build 75